 Dungeon Crawl Stone Soup version 0.31-a0-925-g0a390f2509 (webtiles) character file.

Game seed: 17226981071830029296

153 Shayle the Changeling (level 5, 0/39 HPs)
             Began as a Human Shapeshifter on Oct 19, 2023.
             Slain by a kobold
             ... wielding a +2 dagger of venom
              (2 damage)
             ... on level 3 of the Dungeon.
             The game lasted 00:03:29 (1496 turns).

Shayle the Changeling (Human Shapeshifter)          Turns: 1496, Time: 00:03:30

Health: 0/39       AC:  2    Str: 14    XL:     5   Next: 61%
Magic:  5/5        EV: 12    Int: 12    God:
Gold:   31         SH:  0    Dex: 13    Spells: 4/4 levels left

rFire   . .          .
                       - Unarmed
rCold   . . .        (no shield)
rNeg    . . .        a - +0 animal skin
rPois   .            (helmet currently unavailable)
rElec   .            (cloak currently unavailable)
rCorr   .            (gloves currently unavailable)
SInv    .            (boots currently unavailable)
Will    .....        (no amulet)
Stlth   +            (no ring)
HPRegen 0.26/turn    (no ring)
MPRegen 0.09/turn

%: no passive effects
@: lethally poisoned (0 -> -21), beast-form
A: beast (slay +2)
a: Begin Untransformation


You were on level 3 of the Dungeon.
You were a hulking beast.
You visited 1 branch of the dungeon, and saw 3 of its levels.

You collected 84 gold pieces.
You spent 53 gold pieces at shops.

Inventory:

Hand Weapons
 p - a +1 dagger of draining
Missiles
 b - 4 boomerangs
Armour
 a - a +0 animal skin (worn)
 e - a +0 cloak
 i - a +0 pair of gloves
 j - a +0 pair of boots
Talismans
 c - a beast talisman (active)
 d - a flux talisman
Wands
 o - a wand of flame (5)
Scrolls
 f - 3 scrolls of identify
 g - a scroll of enchant weapon {unknown}
 h - a scroll of teleportation {unknown}
 k - a scroll of fear


   Skills:
 + Level 2.3 Fighting
 + Level 3.0 Dodging
 + Level 3.7 Unarmed Combat
 * Level 4.0 Shapeshifting


You had 4 spell levels left.
You didn't know any spells.
Your spell library was empty.

Dungeon Overview and Level Annotations

Branches:
Dungeon (3/15)

Altars:

Shops:
D:2 *


Message History

You now have 31 gold pieces (gained 11).
There is a stone staircase leading up here.
A kobold comes into view. It is wielding a +2 dagger of venom.
The kobold shouts!
Found 10 gold pieces.
A jackal comes into view.
You closely miss the kobold.
A jackal comes into view.
An adder comes into view.
You closely miss the kobold.
The jackal barks!
The adder hisses angrily.
The jackal barks!
The kobold hits you with a +2 dagger of venom.
You are poisoned.
You hear a shout!
You hit the kobold but do no damage.
You feel very sick.
The kobold hits you with a +2 dagger of venom.
You are more poisoned.
You feel very sick. The kobold attacks as it pursues you!
The kobold hits you with a +2 dagger of venom.
You are lethally poisoned!
The jackal attacks as it pursues you! The jackal closely misses you.
You feel very sick.
* * * LOW HITPOINT WARNING * * *
You feel very sick. The kobold attacks as it pursues you!
The kobold hits you with a +2 dagger of venom.
* * * LOW HITPOINT WARNING * * *
You are more poisoned.
The jackal barely misses you.
You aren't carrying any potions.
Unknown command.
As you read the scroll labelled TEATECZIEC, it crumbles to dust.
It is a scroll of identify.
k - a scroll of fear
* * * LOW HITPOINT WARNING * * *
You feel extremely sick.
The jackal bites you but does no damage.
The kobold hits you with a +2 dagger of venom.
You die...

..$ ... ... #.###
#...# #######
.####.#.#######.....#
.........S.........##
#....h.hh<.....###
....#.#..K.####### .
.. ####........ ##
#........ #........
......... .........
......... ..........


You could see an adder, 2 jackals and a kobold.

Vanquished Creatures
  Natasha (thrice) (D:2)
  Terence (D:2)
  An adder (D:2)
  A worm (D:2)
  2 dart slugs (D:2)
  3 endoplasms (D:2)
  3 giant cockroaches
  3 goblins (D:2)
  4 hobgoblins
  5 kobolds
  3 ball pythons
  2 bats
  7 frilled lizards
  3 rats
41 creatures vanquished.

Notes
Turn   | Place    | Note
-------+----------+-------------------------------------------
     0 | D:1      | Shayle the Human Shapeshifter began the quest for the Orb.
     0 | D:1      | Reached XP level 1. HP: 15/15 MP: 1/1
    90 | D:1      | Reached XP level 2. HP: 16/21 MP: 2/2
   496 | D:2      | Noticed Terence
   589 | D:2      | Reached XP level 3. HP: 25/26 MP: 3/3
   711 | D:2      | Found Feirukox's General Store.
   718 | D:2      | Noticed Natasha
   719 | D:2      | Bought a wand of flame (7) for 53 gold pieces
   727 | D:2      | Killed Natasha
   728 | D:2      | Reached XP level 4. HP: 26/33 MP: 4/4
   864 | D:2      | Found a faded altar of an unknown god.
  1088 | D:2      | Noticed Natasha
  1102 | D:2      | Killed Natasha
  1103 | D:2      | Reached XP level 5. HP: 27/38 MP: 5/5
  1343 | D:2      | Killed Terence
  1445 | D:2      | Noticed Natasha
  1449 | D:2      | Killed Natasha
  1450 | D:2      | Reached skill level 4 in Shapeshifting
  1496 | D:3      | Slain by a kobold

Illustrated notes

Levels and vault maps discovered:
D:1:      lightli_arrival_statue_moat, layout_basic
D:2:      layout_loops_ring, serial_shops, shop,
          ebering_ecumenical_altar_petrified, minmay_tripent, uniq_natasha,
          uniq_terence
D:3:      layout_rooms, uniq_ijyb

Skill      XL: |  1  2  3  4  5 |
---------------+----------------+-----
Fighting       | 2 |  2.3
Dodging        | 3 |  3.0
Shapeshifting  | 4 |  4.0
Unarmed Combat | |  3.7

Action                     |  1- 3 |  4- 6 || total
---------------------------+-------+-------++-------
  Melee: Unarmed           |    67 |    58 ||   125
         Punch             |     5 |     1 ||     6
  Evoke: Wand              |       |     2 ||     2
    Use: Potion            |       |     4 ||     4
         Scroll            |       |     1 ||     1
   Stab: Sleeping          |     1 |       ||     1
         Invisible         |       |     4 ||     4
 Armour: Animal skin       |    27 |    25 ||    52
         Skin              |       |     9 ||     9
  Dodge: Dodged            |    36 |    27 ||    63

Table legend: (Time is in decaauts)
 A = Elapsed time spent in this place.
 B = Non-inter-level travel time spent in this place.
 C = Inter-level travel time spent in this place.
 D = Time resting spent in this place.
 E = Time spent auto-exploring this place.
 F = Levels seen in this place.
 G = Mean time per level.
                   A        B        C        D        E       F      G
               +--------+--------+--------+--------+--------+-----+--------+
         Total |   1494 |   1422 |     72 |    197 |    829 |   3 |  498.0 |
       Dungeon |   1494 |   1422 |     72 |    197 |    829 |   3 |  498.0 |
               +--------+--------+--------+--------+--------+-----+--------+

Top non-repeatable levels by time:
     D:2: 930 daAuts
     D:1: 538 daAuts
     D:3: 24 daAuts
